 Dungeon Crawl Stone Soup version 0.29.0-4-gdea44cf6ec (webtiles) character file.

Game seed: 16510420460883469408

658 qw the Cleaver (level 7, -1/61 HPs)
             Began as a Minotaur Berserker on Sept 9, 2022.
             Was a Priest of Trog.
             Slain by a vampire (5 damage)
             ... on level 5 of the Dungeon.
             The game lasted 00:01:34 (4134 turns).

qw the Cleaver (Minotaur Berserker)                 Turns: 4134, Time: 00:01:34

Health: -1/61      AC:  9    Str: 24    XL:     7   Next: 29%
Magic:  6/6        EV:  8    Int:  4    God:    Trog [***...]
Gold:   323        SH:  0    Dex:  9    Spells: 6/6 levels left

rFire   . . .      SeeInvis .   Y - +0 hand axe
rCold   . . .      Faith    .   (no shield)
rNeg    . . .      Spirit   .   j - +0 chain mail
rPois   .          Reflect  .   (helmet restricted)
rElec   .          Harm     .   (no cloak)
rCorr   .          Rampage  .   (no gloves)
Will    .....                   (no boots)
Stlth   ..........              (no amulet)
HPRegen 0.20/turn               (no ring)
MPRegen 0.10/turn               (no ring)

@: no status effects
A: horns 2, retaliatory headbutt
a: Renounce Religion, Berserk, Trog's Hand


You were on level 5 of the Dungeon.
You worshipped Trog.
Trog was most pleased with you.
You visited 1 branch of the dungeon, and saw 5 of its levels.

You collected 323 gold pieces.


Innate Abilities, Weirdness & Mutations

You have a pair of horns on your head.
You reflexively headbutt those who attack you in melee.


   Skills:
 - Level 5.0 Fighting
 + Level 9.3 Axes
 - Level 3.3 Armour
 - Level 2.1 Dodging


You had 6 spell levels left.
You didn't know any spells.
Your spell library was empty.

Inventory:

Hand Weapons
 m - a +0 flail
 Y - a +0 hand axe (weapon)
Missiles
 n - 2 boomerangs (quivered)
Armour
 j - a +0 chain mail (worn)
Jewellery
 i - a ring of positive energy
 k - a ring of fire
Scrolls
 l - a scroll of enchant weapon {unknown}
Potions
 a - a potion of degeneration {unknown}
 b - 2 potions of attraction {unknown}
 c - a potion of magic {unknown}
 d - a potion of haste {unknown}
 f - 5 potions of curing
 g - a potion of berserk rage {unknown}
 h - a potion of heal wounds {unknown}

Dungeon Overview and Level Annotations

Branches:
Dungeon (5/15)
 Temple: D:4-7

Altars:
Dithmenos
Kikubaaqudgha
Vehumet

Shops:
D:1 :


Message History

The vampire is moderately damaged.
The vampire hits you. The vampire bites you.
The vampire draws strength from your injuries!
You slash the vampire!
The vampire is heavily damaged.
The vampire hits you but does no damage.
The vampire bites you!
The vampire draws strength from your injuries!
You barely miss the vampire.
You headbutt the vampire, but do no damage.
The vampire is moderately damaged.
You hit the vampire but do no damage.
The vampire is moderately damaged.
The vampire casts a spell.
The vampire flickers and vanishes!
Deactivating autopickup; reactivate with Ctrl-A.
You barely miss something. Something hits you. Something bites you!
Something draws strength from your injuries!
You hit something. Your headbutt misses something.
Something hits you but does no damage. Something bites you.
Something draws strength from your injuries!
You barely miss something. Your headbutt misses something.
Your punch misses something. Something hits you!
Something bites you but does no damage.
You completely miss something. Something hits you.
Something bites you but does no damage.
You closely miss something. You hit something but do no damage.
Your headbutt misses something.
You hear some strange, mumbled words.
Something tries to affect you, but you resist.
You hit something.
You hear some strange, mumbled words.
Something tries to affect you, but you resist.
You miss something. Something hits you but does no damage. Something bites you.
Something draws strength from your injuries!
You closely miss something. Your headbutt misses something. Something hits you.
Something bites you.
You die...

..#.# #.# .##.# #.# .##.#
#.# ....###.#####
######......# #... #
#......#### ## .....# #
#......##.# .# .... ..... #
#......##.##.##...##... #..#
# #..........@...........
#... #
#......#.###{###.###...##...
# #......#.# .# #........ #
#......#.###.# #........ #
#......#...... #........ #
#............# #.......#
#.......###### ##..##...
########.# #..##..#
#........# #.......


There were no monsters in sight!

Vanquished Creatures
  A black bear (D:4)
  3 necrophages
  3 hounds (D:5)
  Jessica (D:2)
  2 iguanas (D:5)
  Natasha (thrice) (D:2)
  6 adders
  A worm (D:2)
  4 dart slugs
  7 orcs
  8 ball pythons
  7 endoplasms
  3 giant cockroaches
  7 goblins
  5 hobgoblins
  4 jackals (D:2)
  10 kobolds
  4 quokkas
  A bat (D:2)
  2 frilled lizards (D:2)
  6 rats
88 creatures vanquished.

Vanquished Creatures (others)
  A fungus (D:5)
1 creature vanquished.

Grand Total: 89 creatures vanquished

Notes
Turn   | Place    | Note
-------+----------+-------------------------------------------
     0 | D:1      | qw the Minotaur Berserker began the quest for the Orb.
     0 | D:1      | Reached XP level 1. HP: 19/19 MP: 0/0
     0 | D:1      | 0 ||| qw: Version: 0.1-a-113-g051387a
     0 | D:1      | 0 ||| qw: Game counter: 7110
     0 | D:1      | 0 ||| qw: Always use a shield: true
     0 | D:1      | 0 ||| qw: Do Orc after D:15 true
     0 | D:1      | 0 ||| qw: Do second Lair branch before Depths: true
     0 | D:1      | 0 ||| qw: Lair rune preference: random
     0 | D:1      | 0 ||| qw: Plans: Normal
     0 | D:1      | 0 ||| PLANNING D:1-11
    55 | D:1      | Reached skill level 4 in Axes
    80 | D:1      | 80 ||| Stepping ~*~*~tactically~*~*~ (stealth).
    85 | D:1      | 85 ||| Stepping ~*~*~tactically~*~*~ (stealth).
    89 | D:1      | 89 ||| Stepping ~*~*~tactically~*~*~ (stealth).
    91 | D:1      | 91 ||| Stepping ~*~*~tactically~*~*~ (stealth).
   112 | D:1      | 112 ||| Stepping ~*~*~tactically~*~*~ (hiding).
   120 | D:1      | Reached XP level 2. HP: 21/26 MP: 1/1
   343 | D:1      | Found Notedd's Book Emporium.
   606 | D:1      | Found a faded altar of an unknown god.
   628 | D:1      | Reached skill level 5 in Axes
   782 | D:1      | 782 ||| READING scroll labelled OGAM ELIUG.
   797 | D:2      | Reached ** piety under Trog
   798 | D:2      | Reached XP level 3. HP: 24/31 MP: 2/2
   798 | D:2      | 798 ||| FLEEEEING.
   799 | D:2      | 799 ||| STAIRDANCE
   928 | D:2      | 928 ||| Stepping ~*~*~tactically~*~*~ (stealth).
   930 | D:2      | 930 ||| Stepping ~*~*~tactically~*~*~ (stealth).
   977 | D:2      | 977 ||| Stepping ~*~*~tactically~*~*~ (stealth).
   978 | D:2      | 978 ||| Stepping ~*~*~tactically~*~*~ (stealth).
   979 | D:2      | 979 ||| Stepping ~*~*~tactically~*~*~ (stealth).
  1007 | D:2      | Noticed Natasha
  1008 | D:2      | 1008 ||| Stepping ~*~*~tactically~*~*~ (hiding).
  1010 | D:2      | 1010 ||| INVOKING Berserk.
  1012 | D:2      | Killed Natasha
  1013 | D:2      | Reached skill level 6 in Axes
  1013 | D:2      | Reached XP level 4. HP: 22/39 MP: 3/3
  1027 | D:2      | 1027 ||| Stepping ~*~*~tactically~*~*~ (stealth).
  1029 | D:2      | 1029 ||| Stepping ~*~*~tactically~*~*~ (stealth).
  1202 | D:2      | 1202 ||| Stepping ~*~*~tactically~*~*~ (stealth).
  1204 | D:2      | 1204 ||| Stepping ~*~*~tactically~*~*~ (stealth).
  1205 | D:2      | Noticed Natasha
  1209 | D:2      | 1209 ||| Stepping ~*~*~tactically~*~*~ (stealth).
  1211 | D:2      | 1211 ||| INVOKING Berserk.
  1213 | D:2      | Killed Natasha
  1392 | D:2      | Noticed Jessica
  1393 | D:2      | 1393 ||| Stepping ~*~*~tactically~*~*~ (hiding).
  1394 | D:2      | 1394 ||| Stepping ~*~*~tactically~*~*~ (hiding).
  1395 | D:2      | 1395 ||| Stepping ~*~*~tactically~*~*~ (hiding).
  1396 | D:2      | 1396 ||| Stepping ~*~*~tactically~*~*~ (hiding).
  1397 | D:2      | 1397 ||| Stepping ~*~*~tactically~*~*~ (hiding).
  1400 | D:2      | 1400 ||| Stepping ~*~*~tactically~*~*~ (stealth).
  1404 | D:2      | Killed Jessica
  1408 | D:2      | Noticed Natasha
  1410 | D:2      | 1410 ||| Stepping ~*~*~tactically~*~*~ (hiding).
  1411 | D:2      | 1411 ||| Stepping ~*~*~tactically~*~*~ (hiding).
  1414 | D:2      | 1414 ||| Stepping ~*~*~tactically~*~*~ (hiding).
  1415 | D:2      | 1415 ||| INVOKING Berserk.
  1421 | D:2      | Killed Natasha
  1422 | D:2      | Reached skill level 7 in Axes
  1422 | D:2      | Reached XP level 5. HP: 45/45 MP: 4/4
  1428 | D:2      | 1428 ||| FLEEEEING.
  1432 | D:2      | 1432 ||| FLEEEEING.
  1433 | D:2      | 1433 ||| FLEEEEING.
  1435 | D:2      | 1435 ||| FLEEEEING.
  1436 | D:2      | 1436 ||| STAIRDANCE
  1555 | D:1      | 1555 ||| READING scroll labelled HYUC FOKOIQIU.
  1978 | D:2      | 1978 ||| READING scroll labelled ITOACA QIUN.
  2014 | D:3      | 2014 ||| STAIRDANCE
  2025 | D:3      | 2025 ||| STAIRDANCE
  2471 | D:3      | 2471 ||| UPGRADING to +0 chain mail.
  2481 | D:3      | 2481 ||| DROPPING +0 animal skin.
  2482 | D:3      | 2482 ||| READING scroll labelled MEVVEWK WUISHRU.
  2483 | D:3      | 2483 ||| READING scroll labelled OGUITR EJYULAROE.
  2484 | D:3      | 2484 ||| READING scroll labelled IVUAGIETIK.
  2485 | D:3      | 2485 ||| READING scroll labelled GOCIHEBOZY.
  2502 | D:4      | 2502 ||| STAIRDANCE
  2535 | D:4      | Found a shadowy altar of Dithmenos.
  2713 | D:4      | Found a radiant altar of Vehumet.
  2768 | D:4      | Reached skill level 8 in Axes
  2768 | D:4      | Reached XP level 6. HP: 41/52 MP: 5/5
  2846 | D:4      | Found an ancient bone altar of Kikubaaqudgha.
  3240 | D:4      | Reached *** piety under Trog
  3317 | D:4      | Identified the +1 ring mail of Agousk {Int+2}
  3418 | D:4      | 3418 ||| INVOKING Berserk.
  3524 | D:4      | 3524 ||| DROPPING +1 ring mail of Agousk {Int+2}.
  3525 | D:4      | 3525 ||| DRINKING 2 lumpy brown potions.
  3526 | D:4      | 3526 ||| DROPPING potion of brilliance.
  3546 | D:5      | Entered Level 5 of the Dungeon
  3700 | D:5      | Reached skill level 9 in Axes
  3909 | D:5      | Reached XP level 7. HP: 60/61 MP: 6/6
  3937 | D:5      | Reached skill level 3 in Armour
  3951 | D:5      | 3951 ||| Stepping ~*~*~tactically~*~*~ (stealth).
  4041 | D:5      | 4041 ||| DROPPING +0 whip.
  4116 | D:5      | Noticed a vampire
  4128 | D:5      | HP: 13/61 [something (8)]
  4133 | D:5      | HP: 9/61 [something (2)]
  4134 | D:5      | HP: 4/61 [something (5)]
  4134 | D:5      | Slain by a vampire

Levels and vault maps discovered:
D:1:      lightli_arrival_isolated_outpost, layout_basic, serial_shops, shop,
          serial_forest, infiniplex_forest_lined_3,
          infiniplex_forest_straight_1, infiniplex_forest_end_1,
          infiniplex_forest_clump_small, infiniplex_forest_clump_medium,
          infiniplex_forest_clump_cross, shapermc_ecumenical_altar_acropolis
D:2:      layout_rooms, minmay_liquid_box, hangedman_decor_clover_reticule,
          uniq_jessica, uniq_natasha
D:3:      layout_rooms
D:4:      layout_basic, mainiacjoe_overflow_concentric_impassable,
          nicolae_dithmenos_shadow_blocks, mainiacjoe_overflow_six_doors_small
D:5:      layout_basic, kennysheep_little_box, nicolae_yredelemnul_ghost_church,
          st_stairs_6, minmay_tree_intersection, dreamdust_mushroom_princess,
          nicolae_elevator_lobby_asterisk

Skill      XL: |  1  2  3  4  5  6  7 |
---------------+----------------------+-----
Axes           | 4 5 6 7 8 9 |  9.3
Fighting       | 4 5 |  5.0
Armour         | 3 |  3.3
Dodging        | |  2.1

Action                   |  1- 3 |  4- 6 |  7- 9 || total
-------------------------+-------+-------+-------++-------
Melee: Hand axe          |    65 |   133 |    39 ||   237
       Headbutt          |    11 |    14 |    11 ||    36
       Punch             |       |     1 |       ||     1
Invok: Berserk           |     1 |     3 |       ||     4
  Use: Scroll            |     1 |     6 |       ||     7
       Potion            |       |     1 |       ||     1
Armor: Animal skin       |     6 |     7 |       ||    13
       Chain mail        |       |    23 |    18 ||    41
Dodge: Dodged            |    34 |    50 |     5 ||    89

Table legend:
 A = Non-vault XP
 B = Vault XP
 C = Vault XP percentage of total XP
 D = Non-vault monster count
 E = Vault monster count
 F = Vault count percentage of total count
                 A         B        C        D         E       F
            +---------+---------+-------+---------+---------+-------
      Total |     741 |     199 |  21.2 |      84 |       4 |   4.5
            +---------+---------+-------+---------+---------+-------
        D:1 |      38 |       0 |   0.0 |      20 |       0 |   0.0
        D:2 |     137 |      70 |  33.8 |      33 |       2 |   5.7
        D:3 |      32 |       0 |   0.0 |       5 |       0 |   0.0
        D:4 |     264 |       0 |   0.0 |      15 |       0 |   0.0
        D:5 |     270 |     129 |  32.3 |      11 |       2 |  15.4
            +---------+---------+-------+---------+---------+-------
